 Dungeon Crawl Stone Soup version 0.28-a0-1395-g4f6bc678fa (webtiles) character file.

Game seed: 10854732118601320726

65 Delamore the Poker (level 4, -1/35 HPs)
             Began as a Formicid Fighter on Jan 4, 2022.
             Succumbed to Duvessa's poison
             ... on level 4 of the Dungeon.
             The game lasted 00:01:29 (1514 turns).

Delamore the Poker (Formicid Fighter)               Turns: 1514, Time: 00:01:30

Health: -1/35      AC:  6    Str: 22    XL:     4   Next: 34%
Magic:  4/4        EV:  9    Int:  8    God:
Gold:   77         SH:  4    Dex: 10    Spells: 3/3 levels left

rFire   . . .      SeeInvis +   a - +0 trident
rCold   . . .      Faith    .   c - +0 buckler
rNeg    . . .      Spirit   .   b - +0 scale mail
rPois   .          Reflect  .   (helmet unavailable)
rElec   .          Harm     .   (no cloak)
rCorr   .          Rampage  .   (no gloves)
Will    .....                   (no boots)
Stlth   ..........              (no amulet)
HPRegen 0.11/turn               (no ring)
MPRegen 0.09/turn               (no ring)

@: lethally poisoned (-1 -> -40), studying Throwing
A: permanent stasis, dig shafts and tunnels, antennae 3, four strong arms
a: Dig, Shaft Self


You were on level 4 of the Dungeon.
You visited 1 branch of the dungeon, and saw 4 of its levels.

You collected 77 gold pieces.

Inventory:

Hand Weapons
 a - a +0 trident (weapon)
Armour
 b - a +0 scale mail (worn)
 c - a +0 buckler (worn)
Scrolls
 e - 3 scrolls of immolation
Potions
 d - a potion of might
 f - a potion of flight
 g - a potion of heal wounds {unknown}
 h - a potion of brilliance {unknown}
 i - a potion of curing {unknown}
 j - 2 potions of invisibility {unknown}


   Skills:
 - Level 3.2 Fighting
 + Level 4.3 Polearms
 - Level 3.2 Armour
 - Level 3.6 Shields


You had 3 spell levels left.
You didn't know any spells.
Your spell library was empty.

Dungeon Overview and Level Annotations

Branches:
Dungeon (4/15)
 Temple: D:4-7

Altars:

Annotations:
D:3 Grinder
D:4 Dowan, Duvessa


Innate Abilities, Weirdness & Mutations

You cannot be hasted, slowed, berserked, paralysed or teleported.
You can dig through walls and to a lower floor.
You have a pair of large antennae on your head. (SInv)
Your four strong arms can wield two-handed weapons with a shield.


Message History

The jackal misses you.
Reach: a) +0 trident
Press: ? - help, Dir - move target, f/p - Duvessa
Aim: Duvessa, wielding a +0 rapier of venom and wearing a +0 ring mail (moderately wounded, fast, about 35% to evade your +0 trident)
You reach to attack!
You hit Duvessa but do no damage.
Duvessa is moderately wounded.
The jackal bites you.
Reach: a) +0 trident
Press: ? - help, Dir - move target, f/p - Duvessa
Aim: Duvessa, wielding a +0 rapier of venom and wearing a +0 ring mail (moderately wounded, fast, about 35% to evade your +0 trident)
The jackal is in the way.
You closely miss the jackal.
The jackal is almost dead.
The jackal barely misses you. You block the jackal's attack.
Reach: a) +0 trident
Press: ? - help, Dir - move target, f/p - Duvessa
Aim: Duvessa, wielding a +0 rapier of venom and wearing a +0 ring mail (moderately wounded, fast, about 35% to evade your +0 trident)
The jackal is in the way.
You hit the jackal.
You kill the jackal!
Duvessa hits you with a +0 rapier of venom.
Reach: a) +0 trident
Press: ? - help, Dir - move target, f/p - Duvessa
Aim: Duvessa, wielding a +0 rapier of venom and wearing a +0 ring mail (moderately wounded, fast, about 35% to evade your +0 trident)
You hit Duvessa but do no damage.
Duvessa is moderately wounded.
Duvessa completely misses you.
You barely miss Duvessa.
Duvessa is moderately wounded.
Duvessa closely misses you.
Duvessa says, "Where magic fails, the sword succeeds!"
Duvessa hits you with a +0 rapier of venom!
You are poisoned.
You barely miss Duvessa.
Duvessa is moderately wounded.
You feel very sick. Duvessa hits you but does no damage.
You are lethally poisoned!
Duvessa hits you with a +0 rapier of venom!
* * * LOW HITPOINT WARNING * * *
You are more poisoned.
You die...

# ### #. #<# ..
#.#
#.###########.#
#ee.@.........#
###############
{ {


You could see Duvessa (fast) and Dowan.

Vanquished Creatures
  2 adders (D:3)
  A worm (D:2)
  A dart slug (D:1)
  An orc (D:3)
  7 ball pythons
  5 endoplasms
  A giant cockroach (D:1)
  3 goblins
  2 hobgoblins
  2 jackals (D:4)
  2 quokkas
  3 bats (D:1)
  2 frilled lizards
  2 kobolds (D:1)
  5 rats
39 creatures vanquished.

Notes
Turn   | Place    | Note
-------+----------+-------------------------------------------
     0 | D:1      | Delamore the Formicid Fighter began the quest for the Orb.
     0 | D:1      | Reached XP level 1. HP: 18/18 MP: 1/1
   113 | D:1      | Reached XP level 2. HP: 24/24 MP: 2/2
   141 | D:1      | Reached skill level 3 in Polearms
   306 | D:1      | Reached XP level 3. HP: 29/29 MP: 3/3
  1183 | D:3      | Reached skill level 4 in Polearms
  1183 | D:3      | Reached XP level 4. HP: 29/35 MP: 4/4
  1446 | D:3      | Noticed Grinder
  1497 | D:4      | Noticed Dowan
  1497 | D:4      | Noticed Duvessa
  1514 | D:4      | Succumbed to Duvessa's poison

Illustrated notes

Levels and vault maps discovered:
D:1:      dpeg_arrival_connections, layout_loops_cross, st_stairs_10
D:2:      layout_rooms
D:3:      layout_loops_ring, zin_treasury, kennysheep_generic_room_14,
          uniq_grinder
D:4:      layout_basic, serial_shops, kennysheep_mini, uniq_sigmund, uniq_pikel,
          uniq_duvessa

Skill      XL: |  1  2  3 |
---------------+----------+-----
Polearms       | 3 4 |  4.3
Fighting       | |  3.2
Armour         | |  3.2
Shields        | |  3.6

Action                   |  1- 3 |  4- 6 || total
-------------------------+-------+-------++-------
Melee: Trident           |   100 |    31 ||   131
 Abil: Dig               |       |     2 ||     2
  Use: Scroll            |     4 |       ||     4
Armor: Scale mail        |    38 |     8 ||    46
Dodge: Dodged            |    34 |    13 ||    47
Block: Buckler           |    17 |     5 ||    22

Table legend: (Time is in decaauts)
 A = Elapsed time spent in this place.
 B = Non-inter-level travel time spent in this place.
 C = Inter-level travel time spent in this place.
 D = Time resting spent in this place.
 E = Time spent auto-exploring this place.
 F = Levels seen in this place.
 G = Mean time per level.
                   A        B        C        D        E       F      G
               +--------+--------+--------+--------+--------+-----+--------+
         Total |   1531 |   1447 |     84 |      0 |   1152 |   4 |  382.8 |
       Dungeon |   1531 |   1447 |     84 |      0 |   1152 |   4 |  382.8 |
               +--------+--------+--------+--------+--------+-----+--------+

Top non-repeatable levels by time:
     D:1: 724 daAuts
     D:2: 390 daAuts
     D:3: 384 daAuts
     D:4: 32 daAuts
